cohdb
Replays
Latest Replays
All Replays
Popular Replays
Top Player Replays
Match Explorer
How It Works
Community
CoH3 Stats
Reddit
Sign in to upload your games and track your stats! →
Sign in with Steam
Match 41438915
Unlisted
Match 41438915
Overview
Messages
Build Orders
End
Kettenkrad Recon Vehicle
Construct Infanterie Kompanie
MG 42 Machine Gun Team
Grenadier Squad
GrW 34 Mortar Team
Construct Panzergrenadier Kompanie
Panzergrenadier Squad
Selects Luftwaffe Battlegroup
Selects Stuka Strafing Run
Medical Station
Kettenkrad Recon Vehicle
Pak 40 Anti-tank Gun Team
Selects Fallschirmjäger Squad Paradrop
Pak 40 Anti-tank Gun Team
Stuka Strafing Run
251 Medium Carrier
Fallschirmjäger Squad Paradrop
Pioneer Squad
Fallschirmjäger Squad Paradrop
Animal Mother
mukade
Rischelie
Sarmynation
0
0
Comments
sign in to comment!
No comments posted yet!